 Seeded DCSS version 0.28.0-53-g5a82cb258f (webtiles) character file.

Game seed: 9403513121866162502 (custom seed)

92 hikkokomori the Sneak (level 4, -6/29 HPs)
             Began as an Octopode Enchanter on Oct 23, 2022.
             Was an Initiate of Gozag.
             Mangled by a gnoll
             ... wielding a +0 flail
              (13 damage)
             ... on level 2 of the Dungeon.
             The game lasted 00:07:13 (3149 turns).

hikkokomori the Sneak (Octopode Enchanter)          Turns: 3149, Time: 00:07:13

Health: -6/29      AC:  1    Str:  7    XL:     4   Next: 60%
Magic:  5/7        EV: 13    Int: 17    God:    Gozag
Gold:   10         SH:  0    Dex: 14    Spells: 1/7 levels left

rFire   . . .      SeeInvis .   a - +1 dagger
rCold   . . .      Faith    .   (no shield)
rNeg    . . .      Spirit   .   (helmet restricted)
rPois   .          Reflect  .   (no amulet)
rElec   .          Harm     .   (no ring)
rCorr   .          Rampage  .   (no ring)
Will    .....                   (no ring)
Stlth   ++++......              (no ring)
HPRegen 0.09/turn               (no ring)
MPRegen 0.10/turn               (no ring)
                                (no ring)
                                (no ring)

@: no status effects
A: almost no armour, amphibious, 8 rings, camouflage 1, gelatinous body 1,
(nimble swimmer 1), tentacles
a: Renounce Religion, Potion Petition, Call Merchant, Bribe Branch


You were on level 2 of the Dungeon.
You worshipped Gozag.
Gozag was noncommittal.
You visited 2 branches of the dungeon, and saw 5 of its levels.

You collected 204 gold pieces.
You spent 154 gold pieces at shops.
You paid 40 gold pieces to Gozag.

Inventory:

Hand Weapons
 a - a +1 dagger (weapon)
Scrolls
 f - a scroll of identify
 g - 2 scrolls of fear
 k - 2 scrolls of noise {unknown}
 l - a scroll of brand weapon {unknown}
 m - a scroll of amnesia {unknown}
Potions
 b - a potion of invisibility
 c - a potion of mutation {unknown}
 d - a potion of might {unknown}
 e - a potion of degeneration
 h - 3 potions of heal wounds
 i - 2 potions of ambrosia {unknown}
 j - a potion of brilliance {unknown}
 n - 2 potions of curing


   Skills:
 + Level 2.1 Fighting
 + Level 2.5 Short Blades
 - Level 2.0 Dodging
 - Level 4.0 Stealth
 - Level 2.0 Spellcasting
 + Level 3.8 Hexes


You had one spell level left.
You knew the following spells:

 Your Spells              Type           Power      Damage    Failure   Level
a - Slow                  Hex            56%        N/A       4%          1
b - Ensorcelled Hibernat  Hex/Ice        16%        N/A       13%         2
c - Tukima's Dance        Hex            14%        N/A       12%         3

Your spell library contained the following spells:

 Spells                   Type           Power      Damage    Failure   Level
 Confusing Touch          Hex            14%        N/A       12%         3
 Dazzling Flash           Conj/Hex       16%        N/A       26%         3
 Blink                    Tloc           2%         N/A       28%         2
 Lesser Beckoning         Tloc           1%         N/A       50%         3
 Vampiric Draining        Necr           1%         2d6       50%         3
 Manifold Assault         Tloc           1%         N/A       99%         5


Dungeon Overview and Level Annotations

Branches:
Dungeon (4/15)             Temple (1/1) D:4

Altars:
Cheibriados
Gozag
Hepliaklqana
Makhleb
Okawaru
Vehumet

Shops:
D:1 !


Innate Abilities, Weirdness & Mutations

You cannot wear most types of armour.
You are amphibious.
You can wear up to eight rings at the same time.
Your skin changes colour to match your surroundings (Stealth+).
Your rubbery body absorbs attacks. (AC +1, EV +1)
((You are camouflaged when in or above water. (Stealth+)))
You have tentacles for arms and can constrict up to eight enemies at once.


Message History

What level of the Dungeon? (default 1, ? - help)
A gnoll is nearby!
Casting: Slow (safe; 4% risk of failure)
Confirm with . or Enter, or press ? or * to list all spells.
Aiming: Ensorcelled Hibernation (safe; 13% risk of failure)
Press: ? - help, Shift-Dir - straight line, f - gnoll
Aim: a gnoll, wielding a +0 flail (wandering, hasn't noticed you, chance to affect: 50%)
The gnoll shouts!
The gnoll looks drowsy...
You hear a shout!
Unknown command.
The gnoll barely misses you.
You hit the gnoll. You grab the gnoll.
The gnoll is lightly wounded.
You constrict the gnoll, but do no damage.
The gnoll closely misses you. The gnoll barely misses you.
You hit the gnoll. You squeeze the gnoll.
The gnoll is heavily wounded.
You constrict the gnoll, but do no damage.
Unknown command.
You hit the gnoll.
You squeeze the gnoll, but do no damage.
The gnoll is severely wounded.
You constrict the gnoll.
The gnoll hits you from afar with a +0 spear!
The gnoll hits you with a +0 flail!
Unknown command.
You hit the gnoll but do no damage. Your squeeze misses the gnoll.
The gnoll is severely wounded.
You constrict the gnoll.
The gnoll hits you from afar with a +0 spear.
* * * LOW HITPOINT WARNING * * *
The gnoll barely misses you.
Unknown command.
You hit the gnoll.
The gnoll is almost dead.
You constrict the gnoll, but do no damage.
The gnoll closely misses you. The gnoll hits you with a +0 flail!
You die...
Your body crumbles into a pile of gold.

#.# #.# # #.# #.# # #.#
###.###### ## ####.## ##.........
.# #.....###..g.###### .#
##########.......>.#..#
.#####..............###....##
.......########...g.# ####..#####
.####### #.@...# ##.##... .#
#..g..# #.##.## .# #.....#
##.##.## #### #.....# #...#.##
...######### ##.....## #...#.##
##.#.......# #.......# #[......
##.#.......# #.#..##.#####...####
.#.#.......###.#..##.#...........
.#.#.............................


You could see 2 gnolls.

Vanquished Creatures
  2 gnolls (D:2)
  3 adders (D:2)
  2 worms (D:2)
  A dart slug (D:1)
  4 endoplasms
  2 giant cockroaches (D:1)
  4 goblins
  5 hobgoblins
  3 jackals (D:1)
  3 kobolds
  4 ball pythons
  2 bats
  A frilled lizard (D:1)
  2 rats (D:1)
38 creatures vanquished.

Vanquished Creatures (others)
  3 dancing weapons (D:2)
3 creatures vanquished.

Grand Total: 41 creatures vanquished

Notes
Turn   | Place    | Note
-------+----------+-------------------------------------------
     0 | D:1      | hikkokomori the Octopode Enchanter began the quest for the
                  | Orb.
     0 | D:1      | Reached XP level 1. HP: 11/11 MP: 3/3
    20 | D:1      | Learned a level 1 spell: Slow
   448 | D:1      | Reached XP level 2. HP: 14/18 MP: 3/5
   747 | D:1      | Found Wirodosm's Distillery.
   762 | D:1      | Bought a potion of degeneration for 11 gold pieces
   779 | D:1      | Reached skill level 1 in Fighting
   991 | D:1      | Reached XP level 3. HP: 23/23 MP: 6/6
  1190 | D:2      | Learned a level 2 spell: Ensorcelled Hibernation
  1194 | D:2      | Learned a level 3 spell: Tukima's Dance
  1354 | D:2      | You fall into a shaft and drop 2 floors!
  1362 | D:4      | Found a staircase to the Ecumenical Temple.
  1371 | Temple   | Entered the Ecumenical Temple
  1872 | Temple   | Became a worshipper of Gozag Ym Sagoz the Greedy
  2109 | D:2      | Reached XP level 4. HP: 29/29 MP: 7/7
  2819 | D:1      | Bought 2 potions of heal wounds for 110 gold pieces
  2819 | D:1      | Bought a potion of curing for 33 gold pieces
  3149 | D:2      | Mangled by a gnoll

Illustrated notes

Levels and vault maps discovered:
D:1:      roderic_dead_forest, layout_basic, serial_shops, shop
D:2:      layout_loops_cross, minmay_split_cup_large
D:3:      layout_rooms, nicolae_ecumenical_snake_handling
D:4:      minmay_octagon_keep, layout_gridville,
          minmay_temple_entry_gardened_gates
Temple:   mainiacjoe_temple_cubbyholes

Skill      XL: |  1  2  3  4 |
---------------+-------------+-----
Fighting       | 1 2 |  2.1
Short Blades   | 2 |  2.5
Dodging        | |  2.0
Stealth        | |  4.0
Spellcasting   | |  2.0
Hexes          | |  3.8

Action                   |  1- 3 |  4- 6 || total
-------------------------+-------+-------++-------
Melee: Dagger            |    54 |    24 ||    78
       Constrict         |    12 |     7 ||    19
       Tentacles         |     8 |     7 ||    15
Throw: Throwing net      |       |     1 ||     1
 Cast: Slow              |     6 |     2 ||     8
       Tukima's Dance    |       |     7 ||     7
       Ensorcelled Hiber |       |     1 ||     1
  Use: Scroll            |     2 |       ||     2
 Stab: Sleeping          |    15 |       ||    15
       Distracted        |     2 |       ||     2
Armor: Skin              |     1 |     1 ||     2
Dodge: Dodged            |    22 |    21 ||    43
